AoeStats
← chartotu19

Nomad

507194945Analyzed
3v3 RM · 15d ago on Sep 17, 2026· 54m 46s· 6 players
Game mode
Random Map
Map size
210×210
Population
200
Speed
Normal
Resources
Standard
Victory
Conquest
Starting age
Dark Age
Ending age
Imperial Age
RankedLock teamsTeams togetherTeam positionsShared explorationLock speedFull tech treeHidden civsTurbo modeCheats
Victory
Defeat
🇨🇦 Persians · Canada
741
+15
🇺🇸 Cumans · United States
713
+16
🇦🇷 Britons · Argentina
675
+17
🇨🇦 Mongols · Canada
737
-17
🇨🇦 Tatars · Canada
726
-17
🇨🇦 Franks · Canada
657
-14
apetresc
17:00 Feudal Age
19:32 Gold Mining
19:40 Man-at-Arms
21:07 Wheelbarrow
21:44 Stone Mining
26:53 Castle Age
26:43 Fishing Lines
29:14 Medium Warships
32:15 Fishing Lines
32:13 Long Swordsman
32:57 Squires
33:47 Stone Mining
34:33 Gold Shaft Mining
39:05 Scale Barding Armor
41:13 Hand Cart
48:07 Imperial Age
51:13 Cavalier
52:17 Forging
52:08 Scale Mail Armor
yurib
14:07 Feudal Age
14:55 Fishing Lines
17:09 Wheelbarrow
19:13 Double-Bit Axe
21:58 Horse Collar
24:30 Fletching
28:22 Castle Age
27:11 Bloodlines
28:28 Elite Skirmisher
31:33 Hand Cart
33:08 Stone Mining
34:38 Bow Saw
34:00 Light Cavalry
36:35 Husbandry
37:14 Heavy Plow
39:09 Town Watch
39:50 Forging
39:46 Scale Barding Armor
40:04 Gold Mining
40:08 Pikeman
43:42 Bodkin Arrow
43:48 Padded Archer Armor
49:03 Imperial Age
46:34 Town Patrol
50:01 Bracer
53:08 Conscription
chartotu19
18:10 Feudal Age
23:05 Double-Bit Axe
30:36 Castle Age
28:48 Gold Mining
31:04 Fletching
32:54 Elite Skirmisher
34:53 Fishing Lines
35:25 Medium Warships
35:40 Demolition Ship
51:35 Gillnets
54:54 Imperial Age
colossal_nutz91
12:14 Loom
16:35 Feudal Age
38:02 Castle Age
38:10 Bloodlines
38:40 Pikeman
39:21 Squires
42:37 Scale Barding Armor
45:45 Fletching
55:30 Imperial Age
alejandronicolass97
14:02 Feudal Age
15:25 Double-Bit Axe
17:32 Horse Collar
19:28 Stone Mining
19:29 Gold Mining
24:18 Castle Age
26:22 Medium Warships
26:27 Padded Archer Armor
26:17 Fletching
27:18 Clinker Construction
27:23 Fortified Wall
35:10 Imperial Age
34:53 Bow Saw
35:51 Ballistics
36:41 Heavy Warships
39:24 Conscription
40:00 Town Watch
41:44 Chemistry
41:04 Leather Archer Armor
41:43 Bodkin Arrow
43:12 Heated Shot
43:56 Ring Archer Armor
47:14 Elite Longbowman
48:18 Bracer
51:20 Town Patrol
51:57 Wheelbarrow
52:04 Wheelbarrow
CaptainGuta
5:27 Loom
13:47 Feudal Age
18:15 Horse Collar
22:48 Town Watch
27:09 Castle Age
28:52 Medium Warships
29:22 Forging
35:15 Heavy Plow
38:55 Imperial Age
40:22 Heavy Warships
39:43 Fishing Lines
41:41 Crop Rotation
42:06 Wheelbarrow
41:31 Town Patrol
43:39 Siphons
44:42 Chemistry
44:41 Crossbowman
45:27 Thumb Ring
45:38 Kamandaran
45:05 Heavy Camel Rider
45:09 Cavalier
47:49 Heavy Cavalry Archer
49:53 Savar
54:13 Husbandry
Connection lost

Rejoining the realm…

Still unreachable

The connection could not be restored.

Session expired

The server has moved on; the page needs a fresh start.